 Dungeon Crawl Stone Soup version 0.28-a0-476-g0f06bd746f (webtiles) character file.

Game seed: 17177800009058710205

53 siradein the Ducker (level 3, -20/28 HPs)
             Began as a Demonspawn Gladiator on Sept 17, 2021.
             Demolished by an ogre (21 damage)
             ... on level 2 of the Dungeon.
             The game lasted 00:03:37 (1806 turns).

siradein the Ducker (Demonspawn Gladiator)          Turns: 1806, Time: 00:03:38

Health: -20/28     AC:  6    Str: 15    XL:     3   Next: 64%
Magic:  3/3        EV: 11    Int:  9    God:
Gold:   40         SH:  0    Dex: 14    Spells: 2/2 levels left

rFire   . . .      SeeInvis .   j - +1 spear (vorpal)
rCold   . . .      Faith    .   (no shield)
rNeg    . . .      Spirit   .   l - +0 ring mail
rPois   .          Reflect  .   c - +0 helmet
rElec   .          Harm     .   (no cloak)
rCorr   .          Rampage  .   (no gloves)
Will    .....                   (no boots)
Stlth   +.........              (no amulet)
HPRegen 0.09/turn               (no ring)
MPRegen 0.08/turn               (no ring)

@: no status effects
A: powered by death 1
a: no special abilities


You were on level 2 of the Dungeon.
You visited 1 branch of the dungeon, and saw 2 of its levels.

You collected 40 gold pieces.

Inventory:

Hand Weapons
 j - a +1 vorpal spear (weapon)
Missiles
 d - 3 throwing nets
 h - 4 boomerangs
 i - 27 stones (quivered)
Armour
 c - a +0 helmet (worn)
 l - a +0 ring mail (worn)
Scrolls
 a - 3 scrolls of identify {unknown}
 f - a scroll of immolation {unknown}
 g - a scroll of enchant armour {unknown}
Potions
 b - a potion of curing {unknown}
 e - a potion of heal wounds {unknown}
 k - a potion of flight {unknown}


   Skills:
 + Level 2.6 Fighting
 + Level 3.1 Polearms
 + Level 2.3 Throwing
 + Level 3.1 Dodging


You had 2 spell levels left.
You didn't know any spells.
Your spell library contained the following spells:

 Spells                   Type           Power      Damage    Failure   Level
 Gell's Gravitas          Tloc           0%         N/A       94%         3
 Teleport Other           Tloc           0%         N/A       94%         3
 Dispersal                Tloc           0%         N/A       100%        6


Dungeon Overview and Level Annotations

Branches:
Dungeon (2/15)

Altars:

Shops:
D:2 *


Innate Abilities, Weirdness & Mutations

You regenerate a little health from kills.


Message History

You are suddenly yanked towards some nearby monsters!
Your surroundings suddenly seem different.
A hobgoblin and an ogre come into view.
The ogre shouts!
The hobgoblin shouts!
There are monsters nearby!
There are monsters nearby!
There are monsters nearby!
There are monsters nearby!
There are monsters nearby!
Throw: 29 stones
Press: ? - help, Q - select action, (/) - cycle Shift-Dir - straight line, f - ogre
Aim: an ogre, wielding a +0 giant spiked club (75% to hit)
You throw a stone.
The stone hits the ogre but does no damage.
Throw: 28 stones
Press: ? - help, Q - select action, (/) - cycle Shift-Dir - straight line, f/p - ogre
Aim: an ogre, wielding a +0 giant spiked club (75% to hit)
You throw a stone. The stone hits the ogre.
The ogre is lightly wounded.
You reach to attack!
You hit the ogre.
The ogre is moderately wounded.
You hit the ogre.
The ogre is moderately wounded.
The ogre hits you with a +0 giant spiked club!!
Ouch! That really hurt!
* * * LOW HITPOINT WARNING * * *
You are too injured to fight recklessly!
You are too injured to fight recklessly!
You are too injured to fight recklessly!
The ogre completely misses you.
A worm comes into view.
The worm bites you!
* * * LOW HITPOINT WARNING * * *
You hit the worm.
The worm is moderately wounded.
You hit the worm but do no damage.
The worm is moderately wounded.
The ogre hits you with a +0 giant spiked club!!
Ouch! That really hurt!
You die...

#..## #.# #.# ###. #.#
#.# .. #.# #.# #.. #.#
#.# .#. #.# #.# ..## ##
#######################.
..............gO@w......
##.################.###.
##.## #...## .....##
......# .........
......### .....##


You could see an ogre, a worm and a hobgoblin.

Vanquished Creatures
  An iguana (D:2)
  A dart slug (D:1)
  2 bats (D:1)
  4 endoplasms
  A giant cockroach (D:1)
  A goblin (D:1)
  2 hobgoblins (D:1)
  2 jackals (D:1)
  2 ball pythons (D:1)
  A frilled lizard (D:1)
  6 kobolds
  A rat (D:1)
24 creatures vanquished.

Notes
Turn   | Place    | Note
-------+----------+-------------------------------------------
     0 | D:1      | siradein the Demonspawn Gladiator began the quest for the
                  | Orb.
     0 | D:1      | Reached XP level 1. HP: 16/16 MP: 1/1
   410 | D:1      | Gained mutation: You regenerate a little health from kills.
                  | [demonic ancestry]
   410 | D:1      | Reached XP level 2. HP: 22/22 MP: 2/2
  1355 | D:2      | Found a faded altar of an unknown god.
  1376 | D:2      | Found Loihine's Assorted Antiques.
  1508 | D:2      | Reached XP level 3. HP: 13/28 MP: 3/3
  1780 | D:2      | Noticed an ogre
  1804 | D:2      | HP: 1/28 [worm (9)]
  1806 | D:2      | Demolished by an ogre

Illustrated notes

Levels and vault maps discovered:
D:1:      lightli_arrival_quake, layout_basic, minmay_misc_feat_chi
D:2:      minmay_razor_zed, layout_loops_ring, ebering_ecumenical_altar_rust,
          serial_shops, shop

Skill      XL: |  1  2 |
---------------+-------+-----
Throwing       | 2 |  2.3
Dodging        | 3 |  3.1
Polearms       | 3 |  3.1
Fighting       | |  2.6

Action                   || total
-------------------------++-------
Melee: Trident           ||    54
       Spear             ||    39
Throw: Stone             ||     2
Armor: Leather armour    ||    19
Dodge: Dodged            ||    59

Table legend: (Time is in decaauts)
 A = Elapsed time spent in this place.
 B = Non-inter-level travel time spent in this place.
 C = Inter-level travel time spent in this place.
 D = Time resting spent in this place.
 E = Time spent auto-exploring this place.
 F = Levels seen in this place.
 G = Mean time per level.
                   A        B        C        D        E       F      G
               +--------+--------+--------+--------+--------+-----+--------+
         Total |   1812 |   1777 |     35 |      0 |   1525 |   2 |  906.0 |
       Dungeon |   1812 |   1777 |     35 |      0 |   1525 |   2 |  906.0 |
               +--------+--------+--------+--------+--------+-----+--------+

Top non-repeatable levels by time:
     D:1: 1218 daAuts
     D:2: 594 daAuts
